 Dungeon Crawl Stone Soup version 0.31-a0-596-g831eee08f1 (webtiles) character file.

Game seed: 7325251332262616819

13 cforsyth the Charlatan (level 2, -1/23 HPs)
             Began as a Gnoll Artificer on Aug 20, 2023.
             Slain by a quokka (2 damage)
             ... on level 1 of the Dungeon.
             The game lasted 00:00:42 (275 turns).

cforsyth the Charlatan (Gnoll Artificer)             Turns: 275, Time: 00:00:43

Health: -1/23      AC:  3    Str: 11    XL:     2   Next: 37%
Magic:  2/2        EV: 12    Int: 10    God:
Gold:   18         SH:  0    Dex: 12    Spells: 1/1 levels left

rFire   . . .        a - +0 club
rCold   . . .        (no shield)
rNeg    . . .        b - +0 leather armour
rPois   .            (no helmet)
rElec   .            (no cloak)
rCorr   .            (no gloves)
SInv    .            (no boots)
Will    .....        (no amulet)
Stlth   ++           (no ring)
HPRegen 0.23/turn    (no ring)
MPRegen 0.08/turn

%: no passive effects
@: no status effects
A: fangs 1, strong nose, distributed training
a: no special abilities


You were on level 1 of the Dungeon.
You visited 1 branch of the dungeon, and saw 1 of its levels.

You collected 18 gold pieces.

Inventory:

Hand Weapons
 a - a +0 club (weapon)
Armour
 b - a +0 leather armour (worn)
Wands
 c - a wand of flame (15) (quivered)
 d - a wand of charming (15)
 e - a wand of iceblast (5)
Scrolls
 f - a scroll of noise {unknown}
 g - a scroll of teleportation {unknown}


   Skills:
 + Level 2.5 Fighting
 + Level 0.4 Short Blades
 + Level 0.4 Long Blades
 + Level 0.4 Axes
 + Level 0.4 Maces & Flails
 + Level 0.4 Polearms
 + Level 0.4 Staves
 + Level 0.4 Ranged Weapons
 + Level 0.4 Throwing
 + Level 4.5 Armour
 + Level 2.5 Dodging
 + Level 2.2 Stealth
 + Level 0.4 Shields
 + Level 0.4 Unarmed Combat
 + Level 0.4 Spellcasting
 + Level 0.2 Conjurations
 + Level 0.2 Hexes
 + Level 0.2 Summonings
 + Level 0.2 Necromancy
 + Level 0.2 Translocations
 + Level 0.2 Transmutations
 + Level 0.2 Fire Magic
 + Level 0.2 Ice Magic
 + Level 0.2 Air Magic
 + Level 0.2 Earth Magic
 + Level 0.2 Poison Magic
 + Level 0.5 Invocations
 + Level 6.5 Evocations
 + Level 0.2 Shapeshifting


You had one spell level left.
You didn't know any spells.
Your spell library was empty.

Dungeon Overview and Level Annotations

Branches:
Dungeon (1/15)

Altars:


Innate Abilities, Weirdness & Mutations

You have very sharp teeth.
Your uncanny sense of smell can sniff out nearby items.
Your experience applies equally to all skills.


Message History

You closely miss the quokka.
The quokka is severely wounded.
The giant cockroach closely misses you.
The quokka twitches its whiskers.
The quokka barely misses you. The dart slug closely misses you.
The giant cockroach barely misses you.
You hit the quokka but do no damage. Your bite misses the quokka.
The quokka is severely wounded.
The quokka barely misses you.
The giant cockroach bites you but does no damage.
The dart slug bites you but does no damage.
The quokka bites you but does no damage.
You closely miss the quokka.
The quokka is severely wounded.
The giant cockroach closely misses you. The quokka closely misses you.
The giant cockroach bites you but does no damage.
The dart slug barely misses you.
You hit the quokka.
The quokka is almost dead.
The quokka bites you.
* * * LOW HITPOINT WARNING * * *
The giant cockroach bites you.
* * * LOW HITPOINT WARNING * * *
The quokka bites you but does no damage.
The dart slug barely misses you.
You closely miss the quokka.
The quokka is almost dead.
The giant cockroach closely misses you. The quokka bites you.
* * * LOW HITPOINT WARNING * * *
The giant cockroach misses you.
You miss the quokka.
The quokka is almost dead.
The quokka bites you but does no damage.
The dart slug bites you but does no damage.
The giant cockroach closely misses you. The quokka bites you.
* * * LOW HITPOINT WARNING * * *
You closely miss the quokka.
The quokka is almost dead.
The giant cockroach closely misses you. The quokka bites you.
You die...

#............#
#............#
#............# .
#............# ..#
...# #............#
...# ....
#########'####....+
....
................#
...#
########w...#...#
#.@B...# #
#r†........
>...........
...............
................. .
.................
.. ................
.. ####+#+#####.##


You could see a dart slug, a quokka and a giant cockroach.

Vanquished Creatures
  A dart slug (D:1)
  A giant cockroach (D:1)
  A goblin (D:1)
  A hobgoblin (D:1)
  A quokka (D:1)
  5 bats (D:1)
  A frilled lizard (D:1)
11 creatures vanquished.

Notes
Turn   | Place    | Note
-------+----------+-------------------------------------------
     0 | D:1      | cforsyth the Gnoll Artificer began the quest for the Orb.
     0 | D:1      | Reached XP level 1. HP: 17/17 MP: 1/1
   122 | D:1      | Reached XP level 2. HP: 10/23 MP: 2/2
   274 | D:1      | HP: 1/23 [quokka (3)]
   275 | D:1      | Slain by a quokka

Illustrated notes

Levels and vault maps discovered:
D:1:      saegor_arrival_fortress, layout_basic,
          ebering_ecumenical_altar_petrified

Action                     || total
---------------------------++-------
  Melee: Club              ||    62
         Bite              ||     8
 Armour: Leather armour    ||    39
  Dodge: Dodged            ||    85

Table legend: (Time is in decaauts)
 A = Elapsed time spent in this place.
 B = Non-inter-level travel time spent in this place.
 C = Inter-level travel time spent in this place.
 D = Time resting spent in this place.
 E = Time spent auto-exploring this place.
 F = Levels seen in this place.
 G = Mean time per level.
                   A        B        C        D        E       F      G
               +--------+--------+--------+--------+--------+-----+--------+
         Total |    292 |    292 |      0 |      0 |    180 |   1 |  292.0 |
       Dungeon |    292 |    292 |      0 |      0 |    180 |   1 |  292.0 |
               +--------+--------+--------+--------+--------+-----+--------+

Top non-repeatable levels by time:
     D:1: 292 daAuts
